 Dungeon Crawl Stone Soup version 0.32-a0-673-g3729bd50f8 (webtiles) character file.

Game seed: 3372832604218391187

438 shadizar the Magician (level 7, -6/53 HPs)
             Began as a Djinni Conjurer on Mar 10, 2024.
             Mangled by a wight
             ... wielding a +1 trident of freezing
              (9 damage)
             ... on level 4 of the Dungeon.
             The game lasted 00:02:57 (3626 turns).

shadizar the Magician (Djinni Conjurer)             Turns: 3626, Time: 00:02:57

Health: -6/53      AC:  4    Str:  9    XL:     7   Next: 22%
Gold:   10         EV: 12    Int: 21    God:
                   SH:  0    Dex: 18

rFire   + + .        (no weapon)
rCold   x . .        (no shield)
rNeg    . . .        a - +0 robe
rPois   ∞            (no helmet)
rElec   .            c - +0 cloak
rCorr   .            s - +0 pair of gloves {Str+3}
SInv    .            (boots unavailable)
Will    +....        (no amulet)
Stlth   ++           i - +6 ring of dexterity
HPRegen 0.28/turn    e - ring of willpower
MPRegen 0.00/turn

%: infuse magic (-7 HP)
@: flying
A: sickness immunity, fire resistance 2, cold vulnerability 1, float, innate
caster, HP casting, extra vitality 1
a: no special abilities


You were on level 4 of the Dungeon.
You visited 1 branch of the dungeon, and saw 4 of its levels.

You collected 182 gold pieces.
You spent 172 gold pieces at shops.

Inventory:

Armour
 a - a +0 robe (worn)
 c - a +0 cloak (worn)
 s - a +0 pair of gloves of strength (worn)
Jewellery
 e - a ring of willpower (right hand)
 g - a ring of protection from cold
 i - a +6 ring of dexterity (left hand)
 n - an amulet of the acrobat
 u - a ring of fire
 v - a ring of resist corrosion
Wands
 m - a wand of quicksilver (7)
Scrolls
 b - a scroll of fear {unknown}
 d - a scroll of vulnerability {unknown}
 k - a scroll of fog {unknown}
 p - 2 scrolls of revelation {unknown}
 q - 3 scrolls of butterflies {unknown}
 t - a scroll of enchant armour {unknown}
 w - 2 scrolls of identify {unknown}
Potions
 f - 4 potions of curing {unknown}
 h - a potion of heal wounds {unknown}
 j - 2 potions of mutation {unknown}
 l - a potion of degeneration {unknown}
 o - a potion of enlightenment {unknown}
 r - a potion of haste {unknown}


   Skills:
 + Level 4.8 Fighting
 - Level 2.1 Dodging
 - Level 1.5 Stealth
 + Level 5.2 Spellcasting
 + Level 5.2 Conjurations
 + Level 5.2 Hexes
 + Level 5.2 Summonings
 + Level 5.2 Necromancy
 + Level 5.2 Translocations
 + Level 5.2 Fire Magic
 + Level 5.2 Ice Magic
 + Level 5.2 Air Magic
 + Level 5.2 Earth Magic
 + Level 5.2 Alchemy


You knew the following spells:

 Your Spells              Type           Power      Damage    Failure   Level
a - Magic Dart            Conj           100%       1d8       1%          1
b - Searing Ray           Conj           54%        2d6       1%          2
c - Fulminant Prism       Conj/Alch      13%        3d8       12%         4
d - Iskenderun's Mystic   Conj/Tloc      27%        2d7       12%         4
e - Slow                  Hex            100%       N/A       1%          1
f - Momentum Strike       Conj/Tloc      54%        3d9       1%          2
g - Ozocubu's Armour      Ice            27%        N/A       3%          3
Your spell library was empty.

Dungeon Overview and Level Annotations

Branches:
Dungeon (4/15)
 Temple: D:4-7

Altars:
Elyvilon
Gozag
Ru

Shops:
D:4 [(


Innate Abilities, Weirdness & Mutations

You are immune to sickness and miasma.
You are immune to poison.
Your flesh is very heat resistant. (rF++)
You are vulnerable to cold. (rC-)
You float through the air rather than walking.
You learn spells naturally, not from books.
Your magical power is your life essence.
You have superior vitality. (+4 MHP)


Message History

Unknown command.
Unknown command.
The searing ray hits the wight but does no damage.
The wight is severely damaged.
The wight closely misses you. The wight hits you with a +0 scimitar.
The wight closely misses you.
Unknown command.
The wight attacks as it pursues you! The wight closely misses you.
The wight attacks as it pursues you! The wight hits you but does no damage.
The wight attacks as it pursues you! The wight barely misses you.
The wight attacks as it pursues you!
The wight hits you with a +0 short sword.
You are too injured to fight recklessly!
The wight attacks as it pursues you!
The wight hits you with a +0 short sword.
* * * LOW HITPOINT WARNING * * *
You see here a +0 pair of gloves.
The wight attacks as it pursues you! The wight barely misses you.
You are too injured to fight recklessly!
Casting: Searing Ray (safe; 1% risk of failure)
Confirm with . or Enter, or press ? or * to list all spells.
Aiming: Searing Ray (safe; 1% risk of failure)
Press: ? - help, Shift-Dir - straight line, f/p - wight
Aim: a wight, wielding a +0 short sword and wearing a +0 robe (heavily damaged, 79% to hit)
The searing ray hits the wight.
The wight is severely damaged. (Press . to maintain the ray.)
* * * LOW HITPOINT WARNING * * *
Unknown command.
Unknown command.
Unknown command.
Unknown command.
Unknown command.
The searing ray hits the wight.
The wight is almost destroyed.
* * * LOW HITPOINT WARNING * * *
The wight hits you from afar with a +1 trident of freezing!
* * * LOW HITPOINT WARNING * * *
The wight freezes you!
You die...

##...≈≈.≈≈.[.###......)))...
#..≈..≈.≈..≈..##........#...
#..≈≈.....≈≈..##.......##
#......_...................
#..≈≈.....§≈..#.#...........
#..≈..≈.≈..≈..#.............
#....≈≈.≈≈zz.......S#......#
#........z.[........♣#.....#
##.#######..@.......#......#
#..##############.........##
#######........#######..........#
#........#.......+...............
#........+.......#...............
##..###.###.#############..##....
##..###.###.##..##..#####o..#....
......#...'.....#................
......#...#.....#............(...


You could see 3 wights and a ball python (wandering).

Vanquished Creatures
  An ice beast (D:3)
  An ogre (D:4)
  2 wights (D:4)
  An orc priest (D:4)
  An iguana (D:4)
  An orc wizard (D:4)
  3 adders
  A ribbon worm (D:4)
  6 orcs
  5 ball pythons
  4 endoplasms
  A giant cockroach (D:1)
  7 hobgoblins
  5 kobolds
  A quokka (D:4)
  5 bats
  A frilled lizard (D:1)
  A goblin (D:4)
  4 rats
51 creatures vanquished.

Notes
Turn   | Place    | Note
-------+----------+-------------------------------------------
     0 | D:1      | shadizar the Djinni Conjurer began the quest for the Orb.
     0 | D:1      | shadizar set off with the following spells memorised: Magic
                  | Dart, Searing Ray, Fulminant Prism, Iskenderun's Mystic
                  | Blast.
     0 | D:1      | Reached XP level 1. HP: 15/15 MP: 0/0
   164 | D:1      | Reached XP level 2. HP: 20/22 MP: 0/0
   273 | D:1      | Reached skill level 1 in Fighting
   896 | D:2      | Reached XP level 3. HP: 20/28 MP: 0/0
   896 | D:2      | Learned a level 1 spell: Slow
  1565 | D:3      | Found an opulent altar of Gozag.
  1835 | D:3      | Found a faded altar of an unknown god.
  1977 | D:3      | Reached XP level 4. HP: 25/33 MP: 0/0
  2154 | D:3      | Noticed an ice beast
  2168 | D:3      | Killed an ice beast
  2169 | D:3      | Reached XP level 5. HP: 10/40 MP: 0/0
  2169 | D:3      | Learned a level 2 spell: Momentum Strike
  3010 | D:4      | Found Refug's Antique Armour Emporium.
  3016 | D:4      | Bought a pair of runed gloves for 172 gold pieces
  3050 | D:4      | Found Qicetou's Antique Weapon Boutique.
  3109 | D:4      | Noticed an ogre
  3116 | D:4      | Killed an ogre
  3117 | D:4      | Reached XP level 6. HP: 40/47 MP: 0/0
  3343 | D:4      | Found a sacrificial altar of Ru.
  3384 | D:4      | Reached skill level 5 in Spellcasting
  3384 | D:4      | Reached skill level 5 in Conjurations
  3384 | D:4      | Reached skill level 5 in Hexes
  3384 | D:4      | Reached skill level 5 in Summonings
  3384 | D:4      | Reached skill level 5 in Necromancy
  3384 | D:4      | Reached skill level 5 in Translocations
  3384 | D:4      | Reached skill level 5 in Fire Magic
  3384 | D:4      | Reached skill level 5 in Ice Magic
  3384 | D:4      | Reached skill level 5 in Air Magic
  3384 | D:4      | Reached skill level 5 in Earth Magic
  3384 | D:4      | Reached skill level 5 in Alchemy
  3562 | D:4      | Found a white marble altar of Elyvilon.
  3595 | D:4      | Reached XP level 7. HP: 48/53 MP: 0/0
  3595 | D:4      | Learned a level 3 spell: Ozocubu's Armour
  3626 | D:4      | Mangled by a wight

Illustrated notes

Levels and vault maps discovered:
D:1:      dpeg_arrival_arbitrary_c, layout_loops_ring, minmay_misc_feat_columns,
          kennysheep_crisscross, hangedman_decor_clover_reticule
D:2:      layout_loops_ring
D:3:      layout_basic, nicolae_gozag_cash_rules_everything_around_me,
          shapermc_ecumenical_altar_gd
D:4:      layout_gridville, nicolae_ru_great_annihilating_truth,
          mainiacjoe_overflow_small_starburst, serial_shops,
          nicolae_shop_back_alley_shop, nicolae_shop_waterfront, shop,
          kennysheep_decorative_pillar

Skill      XL: |  1  2  3  4  5  6 |
---------------+-------------------+-----
Fighting       | 1 2 3 4 |  4.8
Spellcasting   | 4 5 |  5.2
Conjurations   | 4 5 |  5.2
Hexes          | 4 5 |  5.2
Summonings     | 4 5 |  5.2
Necromancy     | 4 5 |  5.2
Translocations | 4 5 |  5.2
Fire Magic     | 4 5 |  5.2
Ice Magic      | 4 5 |  5.2
Air Magic      | 4 5 |  5.2
Earth Magic    | 4 5 |  5.2
Alchemy        | 4 5 |  5.2
Dodging        | |  2.1
Stealth        | |  1.5

Action                     |  1- 3 |  4- 6 |  7- 9 || total
---------------------------+-------+-------+-------++-------
   Cast: Magic Dart        |    67 |    50 |     3 ||   120
         Searing Ray       |       |     7 |     3 ||    10
 Armour: Robe              |     5 |    11 |     7 ||    23
  Dodge: Dodged            |     3 |    11 |     6 ||    20

Table legend: (Time is in decaauts)
 A = Elapsed time spent in this place.
 B = Non-inter-level travel time spent in this place.
 C = Inter-level travel time spent in this place.
 D = Time resting spent in this place.
 E = Time spent auto-exploring this place.
 F = Levels seen in this place.
 G = Mean time per level.
                   A        B        C        D        E       F      G
               +--------+--------+--------+--------+--------+-----+--------+
         Total |   3625 |   3395 |    230 |      0 |   3068 |   4 |  906.2 |
       Dungeon |   3625 |   3395 |    230 |      0 |   3068 |   4 |  906.2 |
               +--------+--------+--------+--------+--------+-----+--------+

Top non-repeatable levels by time:
     D:3: 1238 daAuts
     D:1: 953 daAuts
     D:4: 781 daAuts
     D:2: 651 daAuts
